 Dungeon Crawl Stone Soup version 0.18-a0-116-g2d311b1 (webtiles) character file.

94 Proton the Covered (level 4, -6/40 HPs)
             Began as a Deep Dwarf Fighter on Nov 16, 2015.
             Mangled by a worm (7 damage)
             ... on level 2 of the Dungeon.
             The game lasted 00:03:01 (1101 turns).

Proton the Covered (Deep Dwarf Fighter)             Turns: 1101, Time: 00:03:01

Health: -6/40      AC:  8    Str: 21    XL:     4   Next: 38%
Magic:  4/4        EV:  9    Int:  8    God:
Gold:   41         SH:  0    Dex: 12    Spells: 0 memorised, 3 levels left

rFire  . . .     SeeInvis .     a - +0 war axe
rCold  . . .     Clarity  .     b - +0 scale mail
rNeg   . . .     SustAt   .     (no shield)
rPois  .         Gourm    .     i - +0 helmet
rElec  .         Spirit   .     (no cloak)
rCorr  .         Warding  .     (no gloves)
rMut   .         Stasis   .     (no boots)
MR     .....                    (no amulet)
Stlth  ..........               (no ring)
                                (no ring)

@: lethally poisoned (-6 -> -6), non-regenerating, not resistant to hostile
enchantments, extremely unstealthy
A: damage resistance, recharge devices, sense surroundings 1, slow regeneration
3
a: Device Recharging


You were on level 2 of the Dungeon.
You were hungry.

You visited 1 branch of the dungeon, and saw 2 of its levels.

You collected 41 gold pieces.

Inventory:

Hand Weapons
 a - a +0 war axe (weapon)
Armour
 b - a +0 scale mail (worn)
 i - a +0 helmet (worn)
Wands
 e - a wand of heal wounds (5)
 p - a wand of polymorph (10)
Scrolls
 h - a scroll of enchant armour {unknown}
 m - 2 scrolls of teleportation {unknown}
Potions
 c - 2 potions of curing {unknown}
 d - a potion of might
 j - 2 potions of mutation {unknown}
 l - a potion of heal wounds {unknown}
 n - a potion of magic {unknown}
 o - 2 potions of cancellation {unknown}
Comestibles
 f - 2 bread rations
 g - a slice of pizza
 k - 2 meat rations


   Skills:
 - Level 2.6 Fighting
 * Level 4.2 Axes
 + Level 4.3 Armour
   Level 3.2 Shields


You had 3 spell levels left.
You didn't know any spells.

Dungeon Overview and Level Annotations

Branches:
Dungeon (2/15)

Altars:
Elyvilon


Innate Abilities, Weirdness & Mutations

You are resistant to damage.
You can recharge devices by infusing magical energy.
You passively map a small area around you.
You do not regenerate naturally.


Message History

You closely miss the adder. The adder barely misses you.
The adder barely misses you.
You miss the adder. The adder barely misses you. The adder bites you.
You slash the adder!
The adder is almost dead.
The adder bites you.
You are poisoned.
The adder poisons you!
You hit the adder.
You kill the adder!
You hit the worm.
The worm is lightly wounded.
You hit the worm.
The worm is moderately wounded.
The worm bites you!
* * * LOW HITPOINT WARNING * * *
You hit the worm.
The worm is moderately wounded.
The worm bites you!
You die...

#########+######..........
.....................>....
..^######......#..........
...##..........#..........
...##..........#.....w....
...##.......####.##+#.....
...####.....## #.# * ####*
..)##........# #w# *
...#.......#.###@#
###...≈≈≈.....##.##.
#..≈≈≈≈≈..#.##.##.#
#..≈≈♣≈≈..#.##(##.#
#..≈≈≈≈≈..#.##.##.#
♣...≈≈≈)..♣###.##.#
♣♣.(.....♣♣ #.##.#
♣♣.....♣♣ #.##.########
♣♣...♣♣ #.##.........


You could see a worm.

Vanquished Creatures
  Robin (D:2)
  2 gnolls (D:1)
  An adder (D:2)
  2 ball pythons (D:1)
  5 bats
  2 giant cockroaches (D:1)
  14 goblins
  3 hobgoblins
  4 jackals (D:1)
  9 kobolds
  2 giant geckos (D:1)
  2 giant newts
  2 rats (D:1)
49 creatures vanquished.

Vanquished Creatures (others)
  A goblin (D:2)
1 creature vanquished.

Grand Total: 50 creatures vanquished

Notes
Turn   | Place    | Note
--------------------------------------------------------------
     0 | D:1      | Proton the Deep Dwarf Fighter began the quest for the Orb.
     0 | D:1      | Reached XP level 1. HP: 20/20 MP: 1/1
   162 | D:1      | Reached XP level 2. HP: 25/27 MP: 2/2
   307 | D:1      | Reached XP level 3. HP: 19/33 MP: 3/3
   549 | D:1      | Reached skill level 4 in Armour
   827 | D:2      | Noticed Robin
   853 | D:2      | Killed Robin
   853 | D:2      | Reached XP level 4. HP: 13/40 MP: 4/4
   990 | D:2      | Found a white marble altar of Elyvilon.
  1100 | D:2      | HP: 1/40 [worm (6)]
  1101 | D:2      | Mangled by a worm

Vault maps used:
D:1:      erik_arrival_triangle_medium, minmay_misc_feat_five
D:2:      elyvilon_altar_3, first_bread, uniq_robin

Action                   |  1- 3 |  4- 6 || total
-------------------------+-------+-------++-------
Melee: War axe           |   107 |    46 ||   153
